 Dungeon Crawl Stone Soup version 0.18-a0-884-gb6cfd45 (webtiles) character file.

203 Jmtri7 the Poker (level 5, -7/38 HPs)
             Began as a Merfolk Skald on Dec 23, 2015.
             Killed by divine providence
             ... invoked by an orc priest
              (15 damage)
             ... on level 3 of the Dungeon.
             The game lasted 00:22:21 (3493 turns).

Jmtri7 the Poker (Merfolk Skald)                    Turns: 3493, Time: 00:22:21

Health: -7/38      AC:  3    Str: 12    XL:     5   Next: 81%
Magic:  7/8        EV: 13    Int: 12    God:
Gold:   120        SH:  0    Dex: 14    Spells: 3 memorised, 1 level left

rFire  . . .     SeeInvis .     a - +0 spear
rCold  . . .     Gourm    .     m - +1 robe
rNeg   . . .     Faith    .     (no shield)
rPois  .         Spirit   .     (no helmet)
rElec  .         Dismiss  .     (no cloak)
rCorr  .         Reflect  .     (no gloves)
SustAt .         Harm     +     (no boots)
MR     +....                    o - amulet of harm
Stlth  +.........               (no ring)
                                h - ring of protection from magic

@: infused, drained, somewhat resistant to hostile enchantments, very unstealthy
A: change form in water, swift swim
a: no special abilities


You were on level 3 of the Dungeon.
You were near starving.

You visited 1 branch of the dungeon, and saw 3 of its levels.

You collected 120 gold pieces.

Inventory:

Hand Weapons
 a - a +0 spear (weapon)
 g - a +0 vampiric dagger
Armour
 m - a +1 robe (worn)
Jewellery
 h - a ring of protection from magic (left hand)
 o - an amulet of harm (around neck)
Wands
 n - a wand of draining (6/15)
Scrolls
 b - a scroll of remove curse
 f - a scroll of identify
Potions
 e - a potion of cure mutation
 l - a potion of curing
Books
 c - a book of Battle

   Spells                             Type                      Level
   a - Infusion                       Charms                       1
   b - Shroud of Golubria             Charms/Translocation         2
   c - Song of Slaying                Charms                       2
   d - Spectral Weapon                Hexes/Charms                 3
   e - Regeneration                   Charms/Necromancy            3
Comestibles
 d - a bread ration
 i - 2 royal jellies
 j - 5 fruits
 k - a slice of pizza


   Skills:
 - Level 2.1(1.5) Fighting
 + Level 7.6(6.9) Polearms
 - Level 0.6(0.0) Armour
 - Level 3.3(2.7) Dodging
 - Level 0.5(0.0) Stealth
 - Level 2.0(1.4) Spellcasting
 - Level 3.2(2.6) Charms


You had one spell level left.
You knew the following spells:

 Your Spells              Type           Power        Failure   Level  Hunger
a - Infusion              Chrm           #.....       12%         1    ##.....
b - Spectral Weapon       Hex/Chrm       #.......     56%         3    ####...
c - Regeneration          Chrm/Necr      #.........   56%         3    ####...


Dungeon Overview and Level Annotations

Branches:
Dungeon (3/15)

Altars:
Ashenzari
Dithmenos


Message History

You barely miss the orc wizard. The orc wizard casts a spell at you.
The magic dart hits you!
You hit the orc wizard.
The orc wizard is lightly wounded.
The orc wizard barely misses you.
The orc priest calls upon Beogh to heal the orc wizard.
The orc wizard's wounds heal themselves!
The orc priest casts a cantrip, but nothing happens.
The orc wizard mumbles some strange words.
The orc wizard seems to speed up.
The orc priest invokes the aid of Beogh against you.
Something smites you!
* * * LOW HITPOINT WARNING * * *
The orc wizard gestures wildly while chanting.
The orc wizard blinks!
You see here a ring mail.
The orc priest calls down the wrath of Beogh upon you.
Something smites you!
You die...

.........#.# #.##[......#####
######.##...#####.##...)........
#. #.#.......##.......##.## #.
#.#.####.####....<###.# #. #.#
#.# ##...## #### #.# #.### #####
##.. #.#.# #.#.##########...
.....###........b.##...)
#!..o.@...######.##.#._
#...###.### #......##.
##.####[######.###...##
#.(...........# #.....
#.####.######.###.#... #o#
#.....###. #.#### ###.### #.
#....# #.# #. ####.# #.# #.#


You could see an orc priest and an orc wizard.

Vanquished Creatures
  The ghost of Sharkman1231 the Caller, an amateur TeSu (D:3)
  A worker ant zombie (D:3)
  2 adders
  An ooze (D:2)
  3 worms
  An orc (D:3)
  5 bats
  5 giant cockroaches
  8 goblins
  9 hobgoblins
  2 quokkas
  3 giant newts
  5 jackals
  4 kobolds
  5 rats
55 creatures vanquished.

Notes
Turn   | Place    | Note
--------------------------------------------------------------
     0 | D:1      | Jmtri7 the Merfolk Skald began the quest for the Orb.
     0 | D:1      | Reached XP level 1. HP: 16/16 MP: 3/3
   186 | D:1      | Reached XP level 2. HP: 15/22 MP: 0/5
   281 | D:1      | HP: 1/22 [giant cockroach (2)]
   860 | D:2      | Reached XP level 3. HP: 22/27 MP: 4/6
   918 | D:2      | Found a shattered altar of Ashenzari.
  1337 | D:2      | Reached skill level 4 in Polearms
  1342 | D:2      | Learned a level 3 spell: Spectral Weapon
  1634 | D:3      | Reached XP level 4. HP: 28/33 MP: 3/7
  1676 | D:3      | Learned a level 3 spell: Regeneration
  1705 | D:3      | Reached skill level 5 in Polearms
  1717 | D:3      | Noticed Sharkman1231's ghost (amateur TeSu)
  1876 | D:3      | Found a shadowy altar of Dithmenos.
  3116 | D:3      | Killed Sharkman1231's ghost
  3116 | D:3      | Reached skill level 7 in Polearms
  3116 | D:3      | Reached XP level 5. HP: 28/38 MP: 4/8
  3493 | D:3      | Killed from afar by an orc priest

Vault maps used:
D:1:      evilmike_arrival_rings
D:2:      nicolae_ashenzari_panopticon, first_bread
D:3:      nicolae_dithmenos_through_a_glass_darkly

Action                   |  1- 3 |  4- 6 || total
-------------------------+-------+-------++-------
Melee: Spear             |   125 |    89 ||   214
 Cast: Infusion          |    14 |    11 ||    25
       Spectral Weapon   |     2 |     2 ||     4
  Use: Potion            |     3 |     1 ||     4
       Scroll            |     2 |     3 ||     5
 Stab: Sleeping          |     2 |       ||     2
  Eat: Bread ration      |     1 |     1 ||     2
